AoeStats
← 150490644@

Arabia

509066522Analyzed
1v1 RM · 6d ago on Sep 25, 2026· 22m 2s· 2 players
Game mode
Random Map
Map size
Tiny (2 player)
Population
200
Speed
Normal
Resources
Standard
Victory
Conquest
Starting age
Dark Age
Ending age
Imperial Age
RankedLock teamsTeams togetherTeam positionsShared explorationLock speedFull tech treeHidden civsTurbo modeCheats
Victory
Defeat
🇮🇹 Franks · Italy
961
+14
🇮🇳 Ethiopians · India
907
-24
CARNAGE
4:54 Loom
11:28 Feudal Age
17:20 Double-Bit Axe
150490644@
7:09 Loom
9:28 Feudal Age
10:25 Double-Bit Axe
17:00 Wheelbarrow
20:20 Castle Age
18:55 Gold Mining
21:10 Scale Barding Armor
21:16 Forging
21:05 Town Watch
21:18 Town Watch
21:48 Husbandry
22:46 Bow Saw
Connection lost

Rejoining the realm…

Still unreachable

The connection could not be restored.

Session expired

The server has moved on; the page needs a fresh start.